 Dungeon Crawl Stone Soup version 0.29-a0-1027-gcd8c55af63 (webtiles) character file.

Game seed: 10479376202579366773

179 PentaManta the Ruffian (level 5, -1/41 HPs)
             Began as a Ghoul Gladiator on Aug 13, 2022.
             Slain by an orc wizard
             ... wielding a +0 dagger
              (4 damage)
             ... on level 3 of the Dungeon.
             The game lasted 00:03:20 (2031 turns).

PentaManta the Ruffian (Ghoul Gladiator)            Turns: 2031, Time: 00:03:20

Health: -1/41      AC:  4    Str: 18    XL:     5   Next: 59%
Magic:  4/4        EV: 12    Int:  5    God:
Gold:   78         SH:  0    Dex: 10    Spells: 4/4 levels left

rFire   . . .      SeeInvis .     - Unarmed
rCold   + . .      Faith    .   (no shield)
rNeg    + + +      Spirit   .   a - +0 leather armour
rPois   ∞          Reflect  .   b - +0 helmet
rElec   .          Harm     .   (no cloak)
rCorr   .          Rampage  .   (no gloves)
Will    .....                   (no boots)
Stlth   ..........              (no amulet)
HPRegen 0.00/turn               (no ring)
MPRegen 0.09/turn               (no ring)

@: confused, inhibited regen
A: claws 1, cold resistance 1, negative energy resistance 3, inhibited
regeneration, torment resistance 2, devour on kill
a: no special abilities


You were on level 3 of the Dungeon.
You visited 1 branch of the dungeon, and saw 3 of its levels.

You collected 78 gold pieces.

Inventory:

Missiles
 c - 3 throwing nets (quivered)
 d - a javelin
Armour
 a - a +0 leather armour (worn)
 b - a +0 helmet (worn)
Jewellery
 o - a ring of resist corrosion
Scrolls
 g - 2 scrolls of poison {unknown}
 i - 3 scrolls of identify {unknown}
 j - a scroll of magic mapping {unknown}
 l - a scroll of noise {unknown}
 m - a scroll of immolation {unknown}
 p - a scroll of teleportation {unknown}
Potions
 e - 2 potions of brilliance {unknown}
 f - 2 potions of lignification
 h - a potion of magic {unknown}
 k - 4 potions of heal wounds {unknown}
 n - a potion of haste {unknown}


   Skills:
 - Level 2.1 Fighting
 - Level 1.7 Throwing
 - Level 2.6 Dodging
 + Level 6.7 Unarmed Combat


You had 4 spell levels left.
You didn't know any spells.
Your spell library contained the following spells:

 Spells                   Type           Power      Damage    Failure   Level
 Necrotise                Necr           0%         1d4       54%         1
 Vampiric Draining        Necr           0%         2d6       88%         3
 Agony                    Necr           0%         N/A       100%        5


Dungeon Overview and Level Annotations

Branches:
Dungeon (3/15)

Altars:
Nemelex Xobeh

Shops:
D:2 =


Innate Abilities, Weirdness & Mutations

You are immune to poison.
You have sharp fingernails.
Your flesh is cold resistant. (rC+)
You are immune to negative energy. (rN+++)
You do not regenerate when monsters are visible.
You are immune to unholy pain and torment.
You thrive by killing the living.


Message History

You scratch the orc but do no damage. You closely miss the orc.
Something hits you. The orc hits you but does no damage.
You claw the orc!
You kill the orc!
You feel better.
You hear some strange, mumbled words.
Something tries to affect you, but you resist.
You miss something. Something hits you but does no damage.
You scratch something.
You hear some strange, mumbled words.
A magic dart appears from out of thin air!
The magic dart hits you.
You scratch something. Something hits you.
* * * LOW HITPOINT WARNING * * *
You miss something.
You hear some strange, mumbled words.
You are confused.
Something hits you but does no damage.
You closely miss something.
You hear some strange, mumbled words.
You are more confused.
Something hits you but does no damage.
Things that are here:
a +0 dagger; a +0 robe Something hits you.
* * * LOW HITPOINT WARNING * * *
Something hits you but does no damage. Something hits you.
* * * LOW HITPOINT WARNING * * *
You scratch something.
You hear some strange, mumbled words.
You are more confused.
Something hits you.
* * * LOW HITPOINT WARNING * * *
Something hits you.
* * * LOW HITPOINT WARNING * * *
It was a potion of lignification.
You feel woody for a moment. Something hits you.
You die...

############ .......)...###
########).@....## ## ....# ..
#.........##########. ....####.##
#.......#........##.. ....#..#..#
#.................... ....#..##.#
##......#####.#[.....
>...#..##.####.>...## ##.#..###.
....#...............# ##..#..###.
....#......##.......# #..##..##..
....#..###)##.......###.........#


There were no monsters in sight!

Vanquished Creatures
  An iguana (D:3)
  An orc wizard (D:3)
  6 adders
  2 worms (D:2)
  2 dart slugs
  3 orcs (D:3)
  6 endoplasms
  A giant cockroach (D:1)
  8 goblins
  2 hobgoblins
  2 jackals (D:2)
  3 quokkas (D:2)
  6 ball pythons
  8 bats
  4 frilled lizards
  8 kobolds
  4 rats
67 creatures vanquished.

Notes
Turn   | Place    | Note
-------+----------+-------------------------------------------
     0 | D:1      | PentaManta the Ghoul Gladiator began the quest for the Orb.
     0 | D:1      | Reached XP level 1. HP: 17/17 MP: 0/0
   144 | D:1      | Reached XP level 2. HP: 24/24 MP: 1/1
   148 | D:1      | Reached skill level 4 in Unarmed Combat
   462 | D:1      | Found a faded altar of an unknown god.
   639 | D:1      | Reached XP level 3. HP: 28/29 MP: 2/2
   767 | D:2      | Reached skill level 5 in Unarmed Combat
   813 | D:2      | Found Emobb's Jewellery Emporium.
   908 | D:2      | Reached XP level 4. HP: 36/36 MP: 3/3
  1697 | D:3      | Reached skill level 6 in Unarmed Combat
  1776 | D:3      | Reached XP level 5. HP: 41/41 MP: 4/4
  1804 | D:3      | Found a sparkling altar of Nemelex Xobeh.
  2031 | D:3      | Slain by an orc wizard

Illustrated notes

Levels and vault maps discovered:
D:1:      psy_arrival_whirlpool, layout_basic,
          hellmonk_ecumenical_altar_crossroads
D:2:      layout_loops_ring, serial_shops, nicolae_square_shop,
          minmay_misc_feat_enclosed
D:3:      layout_rooms, nemelex_xobeh_ov_fountains_minmay, nicolae_wormholes

Skill      XL: |  1  2  3  4 |
---------------+-------------+-----
Unarmed Combat | 4 5 6 |  6.7
Fighting       | |  2.1
Throwing       | |  1.7
Dodging        | |  2.6

Action                   |  1- 3 |  4- 6 || total
-------------------------+-------+-------++-------
Melee: Unarmed           |   110 |   124 ||   234
       Punch             |     1 |     3 ||     4
  Use: Potion            |       |     1 ||     1
 Stab: Sleeping          |     1 |       ||     1
Armor: Leather armour    |    31 |    39 ||    70
Dodge: Dodged            |    62 |    63 ||   125

Table legend: (Time is in decaauts)
 A = Elapsed time spent in this place.
 B = Non-inter-level travel time spent in this place.
 C = Inter-level travel time spent in this place.
 D = Time resting spent in this place.
 E = Time spent auto-exploring this place.
 F = Levels seen in this place.
 G = Mean time per level.
                   A        B        C        D        E       F      G
               +--------+--------+--------+--------+--------+-----+--------+
         Total |   2009 |   1970 |     39 |      0 |   1572 |   3 |  669.7 |
       Dungeon |   2009 |   1970 |     39 |      0 |   1572 |   3 |  669.7 |
               +--------+--------+--------+--------+--------+-----+--------+

Top non-repeatable levels by time:
     D:2: 996 daAuts
     D:1: 656 daAuts
     D:3: 356 daAuts
